Description

désolé le texte est en francais (french) pîlone rush sanction si l'adversaire est parti sur une faste B2 le zélote tank pour que votre probe ne meurt pas et detruit et tempo les unitées énnemies continuer l'agression en depensant votre argent et produiser en continue micro bien !!! glhf !!!

les replays de l'encien bo avant ma modification : contre zerg hatch first autre 2
contre protoss autre 2
contre terran autre 2

new bo améliore je pense

protoss ; 2 je pense le meileur bo contre terran et surtout reaper expend moi je suis nul mais on peut battre des plus fort que nous avec un peu de chance grâce a ce BO

Build Order

Get SALT Encoding   

  12  0:10  Pylon  
  13  0:28  Gateway  
  15  0:44  Assimilator  
  17  1:03  Gateway  
  17  1:15  Cybernetics Core  
  17  1:17  Zealot (Chrono Boost)  
  19  1:35  Gateway  
  19  1:45  Pylon  
  19  1:50  Mothership Core (Chrono Boost)  diriger une de vos probe chez l'ennemis
  21  2:00  Adept  
  23  2:07  Adept  
  25  2:23  Adept  
  27  2:26  Adept  
Spawning Tool Build Advisor. Get it on Overwolf

Analysis

bien pour sanctionner remarque peut aussi punir un hatch first si la probe part plutot et pourra poser un pilne près de la hatch avant que le creep se déploient trop

Go to:

Details

  • Created by: defer
  • Published on: May 05, 2016
  • Modified on: May 09, 2016
  • Patch: Pre-3.8.0
Show
View Real Time Build Order
Export as new Build Order

Comments (2)

On May 5, 2016, 3:20 p.m., defer  said:

merci de laisser un commentaire !!! ;)

On May 5, 2016, 3:14 p.m., defer  said:

comment peut on metre des replay avec un lien suer cette page ? merci d'avance

Create an account to comment!